 Dungeon Crawl Stone Soup version 0.28-a0-895-g6e5f11bd55 (webtiles) character file.

Game seed: 9503709624499783941

917 Strat the Slicer (level 8, 0/44 HPs)
             Began as a Kobold Brigand on Nov 22, 2021.
             Was a Follower of Uskayaw.
             Slain by an orc warrior (12 damage)
             ... on level 6 of the Dungeon.
             The game lasted 00:09:38 (5512 turns).

Strat the Slicer (Kobold Brigand)                   Turns: 5512, Time: 00:09:39

Health: 0/44       AC:  9    Str: 14    XL:     8   Next: 31%
Magic:  8/8        EV: 13    Int: 13    God:    Uskayaw [*.....]
Gold:   274        SH:  5    Dex: 18    Spells: 7/7 levels left

rFire   + . .      SeeInvis .   a - +2 dagger
rCold   . . .      Faith    .   (shield restricted)
rNeg    . . .      Spirit   .   p - +0 ring mail
rPois   .          Reflect  +   (no helmet)
rElec   .          Harm     .   c - +0 cloak
rCorr   .          Rampage  .   l - +2 pair of gloves
Will    .....                   (no boots)
Stlth   +++++.....              n - amulet of reflection
HPRegen 0.14/turn               j - +6 ring of strength
MPRegen 0.11/turn               u - ring of protection from fire

@: no status effects
A: small, no large weapons, nightstalker 3
a: Renounce Religion, Stomp


You were on level 6 of the Dungeon.
You worshipped Uskayaw.
Uskayaw was noncommittal.
You visited 2 branches of the dungeon, and saw 7 of its levels.

You collected 274 gold pieces.

Inventory:

Hand Weapons
 a - a +2 dagger (weapon)
Missiles
 d - 36 poisoned darts (quivered)
 e - 2 curare-tipped darts
 o - 140 stones
 x - 14 bolts
Armour
 c - a +0 cloak (worn)
 l - a +2 pair of gloves (worn)
 p - a +0 ring mail (worn)
Jewellery
 j - a +6 ring of strength (left hand)
 n - an amulet of reflection (around neck)
 u - a ring of protection from fire (right hand)
Wands
 r - a wand of iceblast (3)
Scrolls
 h - a scroll of blinking
 i - 2 scrolls of teleportation
Potions
 f - 2 potions of curing {unknown}
 k - 3 potions of heal wounds
 s - 2 potions of brilliance
 v - 2 potions of haste {unknown}
 w - a potion of mutation


   Skills:
 - Level 2.1 Fighting
 + Level 9.8 Short Blades
 - Level 2.1 Throwing
 - Level 1.2 Dodging
 + Level 9.3 Stealth


You had 7 spell levels left.
You didn't know any spells.
Your spell library was empty.

Dungeon Overview and Level Annotations

Branches:
Dungeon (6/15)             Temple (1/1) D:6

Altars:
Ashenzari
Cheibriados
Dithmenos
Elyvilon
Gozag
Hepliaklqana
Kikubaaqudgha
Makhleb
Nemelex Xobeh
Okawaru
Qazlal
Ru
Sif Muna
Trog
Uskayaw
Vehumet
Wu Jian
Xom
Yredelemnul
Zin
The Shining One

Shops:
D:5 *


Innate Abilities, Weirdness & Mutations

You are small and have problems with some larger weapons.
You are completely attuned to the shadows.


Message History

You hit the orc.
The orc is severely wounded.
The orc hits you but does no damage.
The orc priest mumbles some strange prayers to Beogh against you.
Beogh smites you!
Aiming: Iceblast
Press: ? - help, Shift-Dir - straight line, f - orc warrior
Aim: an orc warrior, wielding a +0 trident and wearing a +0 chain mail The mass of ice explodes!
The iceblast engulfs the orc warrior.
The orc warrior is lightly wounded.
The iceblast engulfs the orc priest.
The orc priest is moderately wounded.
The iceblast engulfs the orc!
You kill the orc!
Aiming: Iceblast
Press: ? - help, Shift-Dir - straight line, f/p - orc warrior
Aim: an orc warrior, wielding a +0 trident and wearing a +0 chain mail (lightly wounded)
The mass of ice explodes!
The iceblast engulfs the orc warrior!
The orc warrior is heavily wounded.
The iceblast engulfs the orc priest!!
You kill the orc priest!
The orc warrior hits you from afar with a +0 trident.
* * * LOW HITPOINT WARNING * * *
You can now stomp with the beat.
Aiming: Iceblast
Press: ? - help, Shift-Dir - straight line, f/p - orc warrior
Aim: an orc warrior, wielding a +0 trident and wearing a +0 chain mail (heavily wounded)
The mass of ice explodes!
The iceblast engulfs the orc warrior but does no damage.
The orc warrior is heavily wounded.
An orc comes into view. It is wielding a +1 mace of protection.
The orc warrior hits you from afar with a +0 trident.
* * * LOW HITPOINT WARNING * * *
The orc warrior hits you from afar with a +0 trident!
* * * LOW HITPOINT WARNING * * *
You see here a +0 scale mail.
The orc warrior hits you from afar with a +0 trident!
* * * LOW HITPOINT WARNING * * *
The orc warrior hits you from afar with a +0 trident!
You die...

#.....# ##...# #...............
##.....# ##...##................
#......###......................
#...............#####...........
##........###...#######..........
........#.##.....##...##.........
....########.....##..............
..### ###....#...............
######### #....#@.o..............
.#.#....###...##..#.............#
...............#..##.o...>...####
............#..##..#.........####
............#..##..###.........##
..#...#......... #.........##
..#...#....#.. ..........###
#.........#.. ............


You could see an orc warrior.

Vanquished Creatures
  2 water moccasins
  2 ogres (D:5)
  2 centaurs
  A water moccasin skeleton (D:5)
  2 bullfrog zombies
  2 hounds
  2 orc priests
  2 hound skeletons
  5 adders
  An ufetubus (D:6)
  A worm (D:3)
  A dart slug (D:3)
  4 orcs
  7 ball pythons
  10 endoplasms
  4 giant cockroaches
  13 goblins
  9 hobgoblins
  5 kobolds
  4 quokkas
  A bat (D:3)
  A frilled lizard (D:1)
  8 rats
89 creatures vanquished.

Notes
Turn   | Place    | Note
-------+----------+-------------------------------------------
     0 | D:1      | Strat the Kobold Brigand began the quest for the Orb.
     0 | D:1      | Reached XP level 1. HP: 12/12 MP: 1/1
   120 | D:1      | Reached XP level 2. HP: 17/17 MP: 2/2
   318 | D:1      | Reached XP level 3. HP: 21/21 MP: 3/3
   981 | D:2      | Found a faded altar of an unknown god.
  1417 | D:3      | Reached XP level 4. HP: 26/26 MP: 4/4
  1528 | D:3      | Reached skill level 5 in Short Blades
  2309 | D:4      | Reached XP level 5. HP: 23/30 MP: 5/5
  2521 | D:4      | Noticed a centaur
  2578 | D:4      | Killed a centaur
  2579 | D:4      | Reached XP level 6. HP: 35/35 MP: 6/6
  2902 | D:4      | Noticed a water moccasin
  2908 | D:4      | Killed a water moccasin
  3448 | D:5      | Entered Level 5 of the Dungeon
  3494 | D:5      | Reached XP level 7. HP: 22/40 MP: 7/7
  3760 | D:5      | Noticed a water moccasin
  3768 | D:5      | Killed a water moccasin
  3951 | D:5      | Identified the -5 helmet of the Meadowlark {rN+++ Will+
                  | Regen+ Slay-2}
  4186 | D:5      | Found Sahaf's Mayhem Merchandise.
  4493 | D:5      | Reached XP level 8. HP: 44/44 MP: 8/8
  4837 | D:6      | Found a staircase to the Ecumenical Temple.
  4843 | Temple   | Entered the Ecumenical Temple
  5335 | Temple   | Became a worshipper of Uskayaw the Reveller
  5468 | D:6      | Reached * piety under Uskayaw
  5512 | D:6      | Slain by an orc warrior

Illustrated notes

Levels and vault maps discovered:
D:1:      ncdulo_smallfort, layout_rooms, minmay_tromino_v2
D:2:      layout_loops_cross, hellmonk_ecumenical_altar_arch_garden
D:3:      kennysheep_six_static_rooms, layout_basic
D:4:      layout_basic, minivault_27, kennysheep_generic_room_16
D:5:      layout_loops_ring, nicolae_ossuary_entry_false_entrances,
          minmay_shop_mayhem, st_stairs_9
D:6:      layout_cave_pools, minmay_temple_entry_poolview
Temple:   mainiacjoe_temple_trianglar_array

Skill      XL: |  1  2  3  4  5  6  7  8 |
---------------+-------------------------+-----
Short Blades   | 3 4 5 7 8 9 |  9.8
Stealth        | 6 7 8 9 |  9.3
Fighting       | |  2.1
Throwing       | |  2.1
Dodging        | |  1.2

Action                   |  1- 3 |  4- 6 |  7- 9 || total
-------------------------+-------+-------+-------++-------
Melee: Dagger            |    85 |    92 |    89 ||   266
Evoke: Wand              |       |     4 |    12 ||    16
  Use: Scroll            |       |     3 |     6 ||     9
 Stab: Sleeping          |    26 |    18 |     3 ||    47
Armor: Robe              |     7 |       |       ||     7
       Ring mail         |       |    11 |    17 ||    28
Dodge: Dodged            |    33 |    32 |    27 ||    92
Block: Other             |       |    10 |    12 ||    22

Table legend: (Time is in decaauts)
 A = Elapsed time spent in this place.
 B = Non-inter-level travel time spent in this place.
 C = Inter-level travel time spent in this place.
 D = Time resting spent in this place.
 E = Time spent auto-exploring this place.
 F = Levels seen in this place.
 G = Mean time per level.
                   A        B        C        D        E       F      G
               +--------+--------+--------+--------+--------+-----+--------+
         Total |   5427 |   5245 |    182 |    331 |   3982 |   7 |  775.3 |
       Dungeon |   4906 |   4770 |    136 |    331 |   3509 |   6 |  817.7 |
        Temple |    521 |    475 |     46 |      0 |    473 |   1 |  521.0 |
               +--------+--------+--------+--------+--------+-----+--------+

Top non-repeatable levels by time:
     D:4: 1210 daAuts
     D:5: 1063 daAuts
     D:3: 873 daAuts
     D:1: 718 daAuts
     D:2: 606 daAuts
  Temple: 521 daAuts
     D:6: 434 daAuts
